 Dungeon Crawl Stone Soup version 0.29-a0-271-gd4eb659eea (webtiles) character file.

Game seed: 12946474396542035298

2109 mdonais the Shield-Bearer (level 9, 0/62 HPs)
             Began as an Octopode Abyssal Knight on Mar 9, 2022.
             Was a High Priest of Lugonu.
             Slain by a gnoll sergeant
             ... wielding a +0 halberd
              (13 damage)
             ... in a bailey.
             The game lasted 00:29:29 (6376 turns).

mdonais the Shield-Bearer (Octopode Abyssal Knight) Turns: 6376, Time: 00:29:30

Health: 0/62       AC:  1    Str: 13    XL:     9   Next: 28%
Magic:  12/12      EV: 12    Int: 24    God:    Lugonu [*****.]
Gold:   333        SH: 13    Dex: 18    Spells: 4/8 levels left

rFire   + + .      SeeInvis .   q - +2 dagger (venom)
rCold   + + .      Faith    .   f - +2 shield of Resistance {rF++ rC++ Will++}
rNeg    . . .      Spirit   .   (helmet restricted)
rPois   +          Reflect  .   (no amulet)
rElec   .          Harm     .   c - ring "Plog" {rPois Int+6}
rCorr   .          Rampage  .   w - +6 ring of intelligence
Will    ++...                   (no ring)
Stlth   +++++.....              (no ring)
HPRegen 0.20/turn               (no ring)
MPRegen 0.13/turn               (no ring)
                                (no ring)
                                (no ring)

@: no status effects
A: almost no armour, amphibious, 8 rings, camouflage 1, gelatinous body 1,
nimble swimmer 1, tentacles, agile 1
a: Renounce Religion, Depart the Abyss, Bend Space, Banish, Corrupt, Enter the
Abyss


You were in a bailey.
You worshipped Lugonu.
Lugonu was extremely pleased with you.
You visited 2 branches of the dungeon, and saw 8 of its levels.
You visited the Abyss 1 time.
You also visited: Sewer and Bailey.

You collected 333 gold pieces.

Inventory:

Hand Weapons
 a - a +0 rapier
   (You took it off Eustachio on level 4 of the Dungeon)
 d - a +1 dagger of protection
   (You took it off a kobold on level 1 of the Dungeon)
 i - a +0 short sword of venom
   (You took it off a kobold on level 2 of the Dungeon)
 q - a +2 dagger of venom (weapon)
   (You took it off a kobold on level 7 of the Dungeon)
 x - a +1 spear of flaming
   (You took it off a gnoll on level 4 of the Dungeon)
 y - a +2 short sword
   (You took it off a wight on level 5 of the Dungeon)
Missiles
 b - 131 stones
 t - 4 boomerangs (quivered)
 u - 6 poisoned darts
 J - 2 atropa-tipped darts
 Z - a throwing net {=!f}
Armour
 f - the +2 shield of Resistance (worn) {rF++ rC++ Will++}
   (You acquired it on level 3 of the Dungeon)

   rF:        It greatly protects you from fire.
   rC:        It greatly protects you from cold.
   Will:      It greatly increases your willpower.
Jewellery
 c - the ring "Plog" (left tentacle) {rPois Int+6}
   (You acquired it on level 3 of the Dungeon)

   [ring of intelligence]

   Int:       It affects your intelligence (+6).
   rPois:     It protects you from poison.
 g - a ring of resist corrosion
   (You took it off an orc on level 7 of the Dungeon)
 w - a +6 ring of intelligence (right tentacle)
   (You found it on level 4 of the Dungeon)
Wands
 s - a wand of polymorph (4)
   (You took it off Duvessa on level 7 of the Dungeon)
 A - a wand of acid (11)
   (You found it on level 7 of the Dungeon)
Scrolls
 h - a scroll of silence
 j - a scroll of fear
 r - a scroll of fog
 T - 3 scrolls of teleportation
Potions
 e - a potion of lignification
 k - 2 potions of haste {unknown}
 l - 2 potions of attraction {unknown}
 m - a potion of magic {unknown}
 n - 3 potions of brilliance {unknown}
 o - 2 potions of heal wounds {unknown}
 p - 2 potions of berserk rage
 v - 3 potions of mutation


   Skills:
 + Level 6.0 Fighting
 + Level 5.5 Short Blades
 - Level 2.3 Dodging
 - Level 5.0 Stealth
 - Level 7.0 Shields
 + Level 5.0 Invocations
 + Level 2.2 Evocations


You had 4 spell levels left.
You knew the following spells:

 Your Spells              Type           Power      Damage    Failure   Level
a - Animate Skeleton      Necr           0%         N/A       36%         1
b - Ozocubu's Armour      Ice            0%         N/A       75%         3

Your spell library contained the following spells:

 Spells                   Type           Power      Damage    Failure   Level
 Pain                     Necr           0%         1d4       36%         1
 Corpse Rot               Necr/Air       0%         N/A       50%         2
 Summon Guardian Golem    Hex/Summ       0%         N/A       75%         3
 Vampiric Draining        Necr           0%         2d6       75%         3
 Metabolic Englaciation   Hex/Ice        0%         N/A       100%        5
 Death Channel            Necr           0%         N/A       100%        6
 Simulacrum               Ice/Necr       0%         N/A       100%        6
 Orb of Destruction       Conj           0%         9d5       100%        7
 Spellforged Servitor     Conj/Summ      0%         N/A       100%        7
 Borgnjor's Revivificati  Necr           0%         N/A       100%        8


Dungeon Overview and Level Annotations

Branches:
Dungeon (7/15)             Temple (1/1) D:4           Sewer (visited)
 Bailey (1/1)

Altars:
Ashenzari
Cheibriados
Dithmenos
Elyvilon
Fedhas
Gozag
Hepliaklqana
Kikubaaqudgha
Makhleb
Nemelex Xobeh
Okawaru
Qazlal
Ru
Sif Muna
Trog
Uskayaw
Vehumet
Wu Jian
Xom
Yredelemnul
Zin
The Shining One


Innate Abilities, Weirdness & Mutations

You cannot wear most types of armour.
You are amphibious.
You can wear up to eight rings at the same time.
Your skin changes colour to match your surroundings (Stealth+).
Your rubbery body absorbs attacks. (AC +1, EV +1)
You are camouflaged when in or above water. (Stealth+)
You have tentacles for arms and can constrict up to eight enemies at once.
You are agile. (Dex +2)


Message History

You tentacle-slap the gnoll, but do no damage.
You squeeze the gnoll.
You kill the gnoll!
Lugonu accepts your kill. You block the gnoll's attack.
The gnoll shaman hits you from afar with a +0 halberd!
You take 10 damage, and have 52/62 hp.
The gnoll throws a throwing net.
You block the throwing net.
You see here a throwing net {=!f}.
The gnoll closely misses you. You block the gnoll's attack.
The gnoll shaman hits you from afar with a +0 halberd.
You take 6 damage, and have 49/62 hp.
You hit the gnoll but do no damage.
The gnoll is poisoned.
Your grab misses the gnoll.
You squeeze the gnoll, but do no damage.
You block the gnoll's attack.
The gnoll shaman hits you from afar with a +0 halberd!
You take 6 damage, and have 43/62 hp.
You hit the gnoll but do no damage.
The gnoll looks as sick as possible!
You grab the gnoll. You constrict the gnoll.
The gnoll hits you with a +0 trident! You block the gnoll shaman's attack.
You take 10 damage, and have 33/62 hp.
You hit the gnoll.
The gnoll looks as sick as possible!
The gnoll is moderately wounded.
You constrict the gnoll. You block the gnoll's attack.
The gnoll shaman invokes the aid of its god against you.
You resist with almost no effort.
You hit the gnoll but do no damage.
The gnoll looks as sick as possible!
You squeeze the gnoll, but do no damage.
The gnoll is heavily wounded.
You constrict the gnoll, but do no damage.
You kill the gnoll!
Lugonu accepts your kill. The gnoll shaman barely misses you.
Your Fighting skill increases to level 6!
The gnoll shaman calls down the wrath of its god upon you.
You resist with almost no effort.
You start resting.
HP restored.
Health restored: 62
Things that are here:
a +0 trident; a +0 scale mail The gnoll shaman shouts!
You block the gnoll shaman's attack.
You hear a shout! x2
You barely miss the gnoll shaman. You grab the gnoll shaman.
You constrict the gnoll shaman, but do no damage.
You hit the gnoll shaman but do no damage.
The gnoll shaman is poisoned.
You constrict the gnoll shaman.
You hit the gnoll shaman but do no damage.
You squeeze the gnoll shaman.
The gnoll shaman is moderately wounded.
You constrict the gnoll shaman. You block the gnoll shaman's attack.
You hit the gnoll shaman but do no damage.
The gnoll shaman looks as sick as possible!
The gnoll shaman is heavily wounded.
You constrict the gnoll shaman.
A gnoll sergeant comes into view.
It is wielding a +0 halberd and carrying a wand of polymorph (5).
The gnoll shaman calls upon its god to speed up something.
You hit the gnoll shaman but do no damage.
The gnoll shaman looks as sick as possible!
The gnoll shaman is almost dead.
You constrict the gnoll shaman.
You kill the gnoll shaman!
Lugonu accepts your kill.
A gnoll comes into view. It is wielding a +0 halberd.
The gnoll throws a throwing net.
You block the throwing net.
Things that are here:
a +0 trident; a +0 scale mail A gnoll shaman comes into view.
It is wielding a +0 spear.
You block the gnoll's attack. The gnoll barely misses you.
The gnoll shaman moves out of view.
You hit the gnoll sergeant but do no damage.
The gnoll sergeant is poisoned.
You grab the gnoll sergeant.
You constrict the gnoll sergeant, but do no damage.
The gnoll sergeant barely misses you.
The gnoll hits you from afar with a +0 halberd.
You take 5 damage, and have 57/62 hp.
You hit the gnoll sergeant but do no damage.
You squeeze the gnoll sergeant, but do no damage.
You constrict the gnoll sergeant, but do no damage.
The gnoll hits you from afar with a +0 halberd.
You take 5 damage, and have 52/62 hp.
You hit the gnoll sergeant but do no damage.
The gnoll sergeant looks as sick as possible!
The gnoll sergeant is lightly wounded.
You constrict the gnoll sergeant, but do no damage.
You block the gnoll's attack. x2
You hit the gnoll sergeant but do no damage.
The gnoll sergeant looks as sick as possible!
The gnoll sergeant is lightly wounded.
You constrict the gnoll sergeant, but do no damage.
The gnoll barely misses you.
You hit the gnoll sergeant.
The gnoll sergeant looks as sick as possible!
The gnoll sergeant is moderately wounded.
You constrict the gnoll sergeant, but do no damage.
You block the gnoll's attack. The gnoll barely misses you.
The gnoll shaman shouts!
You hit the gnoll sergeant but do no damage.
The gnoll sergeant looks as sick as possible!
Your squeeze misses the gnoll sergeant.
The gnoll sergeant is heavily wounded.
You constrict the gnoll sergeant.
You hear an angry growl.
You hear a shout!
You block the gnoll's attack. The gnoll sergeant closely misses you.
You hit the gnoll sergeant.
The gnoll sergeant looks as sick as possible!
The gnoll sergeant is severely wounded.
You constrict the gnoll sergeant. You block the gnoll's attack.
You hit the gnoll sergeant but do no damage.
The gnoll sergeant looks as sick as possible!
You squeeze the gnoll sergeant.
You kill the gnoll sergeant!
Lugonu accepts your kill.
The gnoll throws a throwing net.
You block the throwing net.
You hear a splash.
Your Invocations skill increases to level 5!
The gnoll shaman calls upon its god to speed up something.
The gnoll hits you from afar with a +0 halberd!
You take 8 damage, and have 45/62 hp.
The gnoll shaman calls upon its god to speed up something.
A gnoll sergeant comes into view. It is wielding a +0 halberd.
The gnoll hits you from afar with a +0 halberd!!
You block the gnoll shaman's attack.
The gnoll sergeant shouts!
You see here a throwing net {=!f}.
You take 18 damage, and have 28/62 hp.
MASSIVE DAMAGE!!
You barely miss the gnoll shaman. You grab the gnoll shaman.
You squeeze the gnoll shaman!
The gnoll shaman is severely wounded.
You constrict the gnoll shaman.
You hear an angry growl.
You hear a shout!
You hear a howl!
You block the gnoll's attack.
The gnoll hits you from afar with a +0 halberd.
You take 6 damage, and have 22/62 hp.
You hit the gnoll shaman but do no damage.
The gnoll shaman is severely wounded.
You constrict the gnoll shaman, but do no damage.
The gnoll shaman misses you. You block the gnoll's attack.
You hit the gnoll shaman but do no damage.
The gnoll shaman is poisoned.
The gnoll shaman is severely wounded.
You constrict the gnoll shaman, but do no damage.
The gnoll sergeant hits you from afar with a +0 halberd!
* * * LOW HITPOINT WARNING * * *
The gnoll barely misses you.
The gnoll sergeant hits you from afar with a +0 halberd!
You die...

♣♣♣♣♣♣♣♣♣♣♣♣♣♣♣♣♣
♣♣≈≈≈≈≈≈≈≈≈≈≈≈≈≈≈≈
♣≈≈..............
♣≈..)...g........
♣≈gg#####...####
♣≈g##...#(..#
♣@##...)'.).+
♣≈#.....#...#
♣≈#8.g..##+##
♣≈#....# ♣≈#...#
♣≈#... ♣≈#.. ♣≈#..
♣≈#


You could see a gnoll sergeant (fast), a gnoll shaman (very poisoned) and a
gnoll (fast).

Vanquished Creatures
  Eustachio (D:4)
  Duvessa (D:7)
  A black bear (D:4)
  A centaur (D:7)
  2 phantoms
  A kobold brigand (D:7)
  2 bullfrogs (Sewer)
  3 necrophages
  2 gnoll sergeants
  A scorpion (D:5)
  3 wights (D:5)
  Dowan (D:7)
  3 hounds
  2 orc priests (D:4)
  2 gnoll shamans
  3 iguanas
  Robin (D:3)
  13 gnolls
  16 adders
  7 river rats (Sewer)
  4 worms
  2 dart slugs (D:4)
  18 orcs
  5 bats
  10 endoplasms
  5 giant cockroaches
  12 hobgoblins
  6 jackals
  15 kobolds
  4 quokkas
  15 ball pythons
  6 frilled lizards
  13 goblins
  31 rats
212 creatures vanquished.

Notes
Turn   | Place    | Note
-------+----------+-------------------------------------------
     0 | Abyss:1  | mdonais the Octopode Abyssal Knight began the quest for the
                  | Orb.
     0 | Abyss:1  | Reached XP level 1. HP: 16/16 MP: 2/2
    34 | Abyss:1  | Noticed an iron imp
    35 | D:1      | Escaped the Abyss
    68 | D:1      | Reached skill level 1 in Stealth
   126 | D:1      | Reached ** piety under Lugonu
   162 | D:1      | Reached XP level 2. HP: 19/21 MP: 3/3
   506 | D:1      | Reached XP level 3. HP: 21/26 MP: 4/4
  1230 | D:2      | Reached XP level 4. HP: 31/31 MP: 5/5
  1857 | D:3      | Identified 2 scrolls of acquirement
  1858 | D:3      | Acquired the ring "Plog" {rPois Int+6}
  1861 | D:3      | Acquired the +2 shield of Resistance {rF++ rC++ Will++}
  1861 | D:3      | Found the +2 shield of Resistance {rF++ rC++ Will++}
  1888 | D:3      | Learned a level 1 spell: Animate Skeleton
  1972 | D:3      | Reached skill level 1 in Shields
  2016 | D:3      | Reached *** piety under Lugonu
  2017 | D:3      | You fall into a shaft and drop 3 floors!
  2022 | D:5      | Entered Level 5 of the Dungeon
  2054 | D:5      | Reached skill level 2 in Shields
  2054 | D:5      | Reached XP level 5. HP: 36/36 MP: 7/7
  2068 | D:5      | Reached skill level 3 in Shields
  2189 | D:3      | Noticed Robin
  2197 | D:3      | Reached XP level 6. HP: 34/42 MP: 8/8
  2200 | D:3      | Killed Robin
  2201 | D:3      | Reached skill level 4 in Shields
  2291 | D:3      | Found a glowing drain.
  2295 | Sewer    | Entered a sewer
  2389 | Sewer    | Reached **** piety under Lugonu
  2750 | Sewer    | Reached XP level 7. HP: 34/48 MP: 9/9
  3079 | D:3      | Gained mutation: You are agile. (Dex +2) [potion of
                  | mutation]
  3310 | D:4      | Reached skill level 5 in Stealth
  3409 | D:4      | Reached skill level 5 in Shields
  3450 | D:4      | Found a staircase to the Ecumenical Temple.
  3459 | Temple   | Entered the Ecumenical Temple
  4077 | D:4      | Reached XP level 8. HP: 47/54 MP: 10/10
  4127 | D:4      | Reached ***** piety under Lugonu
  4169 | D:4      | Noticed Eustachio
  4196 | D:4      | Killed Eustachio
  4537 | D:5      | Reached skill level 5 in Fighting
  4631 | D:5      | Got the Compendium of Unholy Secrets
  4800 | D:5      | Reached skill level 6 in Shields
  5174 | D:6      | Learned a level 3 spell: Ozocubu's Armour
  5606 | D:7      | Noticed Dowan
  5608 | D:7      | Noticed Duvessa
  5609 | D:7      | Killed Dowan
  5625 | D:7      | Reached skill level 5 in Short Blades
  5784 | D:7      | Reached XP level 9. HP: 62/62 MP: 12/12
  5800 | D:7      | Reached skill level 1 in Evocations
  5810 | D:7      | Found an iron altar of Okawaru.
  5812 | D:7      | Found a bloodstained altar of Trog.
  5862 | D:7      | Noticed a hornet
  5913 | D:7      | Killed Duvessa
  5914 | D:7      | Reached skill level 7 in Shields
  5989 | D:7      | Found a flagged portal.
  5997 | Bailey   | Entered a bailey
  6366 | Bailey   | Reached skill level 5 in Invocations
  6376 | Bailey   | Slain by a gnoll sergeant

Illustrated notes

Levels and vault maps discovered:
D:1:      shiori_arrival_oz, layout_rooms
D:2:      layout_loops_ring
D:3:      layout_rooms, gup_sewer_entry_spiral, uniq_robin
D:4:      layout_gridville, minmay_temple_entry_gardened_gates, uniq_eustachio
D:5:      layout_loops_ring
D:6:      layout_cave_pools
D:7:      layout_loops_ring, grunt_temple_overflow_bloody_war, enter_bailey_2,
          uniq_duvessa
Temple:   mainiacjoe_temple_cubbyholes
Bailey:   bailey_polearm_gnolls_kennysheep, bailey

Skill      XL: |  1  2  3  4  5  6  7  8  9 |
---------------+----------------------------+-----
Stealth        | 2 3 4 5 |  5.0
Shields        | 2 3 4 5 6 7 |  7.0
Short Blades   | 3 4 5 |  5.5
Fighting       | 4 5 6 |  6.0
Invocations    | 3 4 5 |  5.0
Evocations     | 2 |  2.2
Dodging        | |  2.3

Action                   |  1- 3 |  4- 6 |  7- 9 || total
-------------------------+-------+-------+-------++-------
Melee: Short sword       |    19 |       |       ||    19
       Constrict         |    17 |    44 |    56 ||   117
       Tentacles         |    15 |    33 |    83 ||   131
       Dagger            |    70 |   166 |   253 ||   489
       Punch             |       |     2 |     8 ||    10
Throw: Stone             |     1 |     1 |       ||     2
       Dart              |       |     3 |     2 ||     5
       Boomerang         |       |    10 |     8 ||    18
Invok: Depart the Abyss  |     1 |       |       ||     1
Evoke: Wand              |       |       |     2 ||     2
  Use: Scroll            |       |    10 |     4 ||    14
       Potion            |       |     1 |     1 ||     2
 Stab: Sleeping          |    13 |    14 |    11 ||    38
       Distracted        |       |     1 |     1 ||     2
Armor: Skin              |    15 |    27 |    32 ||    74
Dodge: Dodged            |    50 |    42 |    97 ||   189
Block: Kite shield       |       |    59 |   155 ||   214

Table legend: (Time is in decaauts)
 A = Elapsed time spent in this place.
 B = Non-inter-level travel time spent in this place.
 C = Inter-level travel time spent in this place.
 D = Time resting spent in this place.
 E = Time spent auto-exploring this place.
 F = Levels seen in this place.
 G = Mean time per level.
                   A        B        C        D        E       F      G
               +--------+--------+--------+--------+--------+-----+--------+
         Total |   6357 |   6006 |    351 |   1185 |   2704 |  11 |  577.9 |
       Dungeon |   4984 |   4686 |    298 |    764 |   2315 |   7 |  712.0 |
        Temple |    342 |    289 |     53 |      0 |    289 |   1 |  342.0 |
         Abyss |     35 |     35 |      0 |      0 |      0 |   1 |   35.0 |
         Sewer |    621 |    621 |      0 |    248 |     81 |   1 |  621.0 |
        Bailey |    374 |    374 |      0 |    173 |     19 |   1 |  374.0 |
               +--------+--------+--------+--------+--------+-----+--------+

Top non-repeatable levels by time:
     D:4: 1001 daAuts
     D:2: 938 daAuts
     D:1: 869 daAuts
     D:5: 689 daAuts
     D:3: 626 daAuts
   Sewer: 621 daAuts
     D:6: 485 daAuts
  Bailey: 374 daAuts
     D:7: 374 daAuts
  Temple: 342 daAuts
 Abyss:1: 35 daAuts
